[Event "Titled Tuesday Blitz April 25 Early 2023"]
[White "Tactrics"]
[Black "Kosakowski, Jakub"]
[BlackFideId "1185080"]
[WhiteElo "2953"]
[BlackElo "2488"]
[Result "1-0"]
[Round "07"]
[TimeControl "180+2"]
[Date "2023.04.25"]
[WhiteClock "0:00:41"]
[BlackClock "0:00:30"]

1. e4 c6 2. Bc4 d5 3. Bb3 dxe4 4. Qh5 e6 5. Nc3 Nf6 6. Qh4 Nbd7 7. f3 e3 8. dxe3 Nc5 9. e4 Nxb3 10. axb3 Bc5 11. Qg5 Be7 12. Qd2 e5 13. Qf2 a6 14. Be3 Be6 15. Nge2 O-O 16. O-O Nd7 17. Rfd1 Bg5 18. Rd6 Bxe3 19. Qxe3 Qc7 20. Rad1 Nb6 21. Qg5 f6 22. Qd2 Rfe8 23. Ng3 Kf7 24. Nf1 Ke7 25. Qe3 Rad8 26. R6d3 Rxd3 27. Rxd3 Rd8 28. Kf2 Rxd3 29. Qxd3 Nd7 30. Qe3 Qa5 31. Qc1 Nc5 32. Ne3 g6 33. Qd2 Qb6 34. Kg3 Nd7 35. Ne2 Bf7 36. h4 Nf8 37. Nc3 Ne6 38. Ncd5+ 1-0


[Site "https://www.chess.com"]

[Event "Titled Tuesday Blitz April 25 Early 2023"]
[White "Kushko, Dmitriy"]
[Black "Svane, Frederik"]
[WhiteFideId "14162261"]
[BlackFideId "12923044"]
[WhiteElo "2230"]
[BlackElo "2502"]
[Result "0-1"]
[Round "07"]
[TimeControl "180+2"]
[Date "2023.04.25"]
[WhiteClock "0:00:10"]
[BlackClock "0:00:42"]

1. Nf3 d5 2. g3 Nd7 3. d4 Nb6 4. Bg2 Bf5 5. O-O e6 6. Ne5 Nf6 7. f3 h6 8. e4 Bh7 9. Be3 Be7 10. Nd2 O-O 11. Qe2 Rc8 12. Nd3 Nfd7 13. Qf2 a5 14. b3 Bg5 15. f4 Be7 16. Rfd1 Nf6 17. Nc5 Bxc5 18. dxc5 d4 19. cxb6 Ng4 20. Qe2 Nxe3 21. Rdc1 cxb6 22. c4 dxc3 23. Nf3 Nxg2 24. Kxg2 b5 25. g4 b4 26. f5 exf5 27. exf5 Re8 28. Qf2 Qd3 29. Rd1 Qe2 30. Re1 Qxf2+ 31. Kxf2 g6 32. Nh4 Kg7 33. Kg3 gxf5 34. gxf5 Kf6 35. Kf4 Rxe1 36. Rxe1 c2 37. Rc1 Rc3 38. Nf3 Bxf5 39. Nd4 Bg6 40. Ne2 Rh3 41. Rf1 Kg7 42. Rf2 Rd3 0-1


[Site "https://www.chess.com"]

[Event "Titled Tuesday Blitz April 25 Early 2023"]
[White "Weetik, Vjacheslav"]
[Black "Gukesh D"]
[WhiteFideId "4153472"]
[BlackFideId "46616543"]
[WhiteElo "2469"]
[BlackElo "2612"]
[Result "1-0"]
[Round "07"]
[TimeControl "180+2"]
[Date "2023.04.25"]
[WhiteClock "0:00:08"]
[BlackClock "0:00:04"]

1. d4 Nf6 2. Bf4 g6 3. Nf3 Bg7 4. e3 d6 5. h3 O-O 6. Be2 Nc6 7. Bh2 Ne4 8. Nfd2 Nxd2 9. Nxd2 e5 10. c3 f5 11. O-O Kh8 12. b4 Qe7 13. Re1 Nd8 14. Bf1 Nf7 15. c4 g5 16. Rc1 g4 17. hxg4 fxg4 18. c5 Be6 19. Ne4 d5 20. Ng3 Qh4 21. e4 Ng5 22. Rc2 exd4 23. exd5 Bxd5 24. Qd3 Rf3 25. Nf5 Rxd3 26. Nxh4 Rc3 27. Rd2 Ne4 28. Rdd1 Rf8 29. f3 gxf3 30. Nxf3 Rcxf3 31. gxf3 Ng5 32. Bg2 Nxf3+ 33. Bxf3 Bxf3 34. Rd2 c6 35. Be5 Bxe5 36. Rxe5 Bd5 37. Rxd4 Rg8+ 38. Kf2 Rg2+ 39. Ke3 Kg7 40. Re7+ Kg6 41. Rc7 Rxa2 42. Rxb7 h6 43. b5 Ra3+ 44. Kf4 Rf3+ 45. Ke5 Rf5+ 46. Kd6 Rf6+ 47. Kc7 Bg2 48. Rd6 cxb5 49. Rxb5 h5 50. Rb2 Be4 51. Rf2 Bf5 52. Rxf6+ Kxf6 53. c6 Kg5 54. Rxf5+ Kxf5 55. Kb7 h4 56. c7 h3 57. c8=Q+ Kf4 58. Qxh3 1-0


[Site "https://www.chess.com"]

[Event "Titled Tuesday Blitz April 25 Early 2023"]
[White "Bashirli, Nail"]
[Black "Steinberg, Nitzan"]
[WhiteFideId "13406809"]
[BlackFideId "2801795"]
[WhiteElo "2322"]
[BlackElo "2486"]
[Result "0-1"]
[Round "07"]
[TimeControl "180+2"]
[Date "2023.04.25"]
[WhiteClock "0:01:26"]
[BlackClock "0:02:49"]

1. e4 g6 2. d4 Bg7 3. Nc3 d6 4. Nf3 a6 5. Be2 b5 6. O-O Bb7 7. Re1 Nd7 8. Bg5 c5 9. Qd2 cxd4 10. Nxd4 Ngf6 11. Bf3 Ne5 12. Rad1 O-O 13. Nd5 e6 14. Nxf6+ Bxf6 15. Bh6 Re8 16. c3 Qe7 17. Bf4 Nc4 0-1


[Site "https://www.chess.com"]

[Event "Titled Tuesday Blitz April 25 Early 2023"]
[White "Demchenko, Anton"]
[Black "Souleidis, Georgios"]
[WhiteFideId "4160258"]
[BlackFideId "4206827"]
[WhiteElo "2545"]
[BlackElo "2401"]
[Result "1-0"]
[Round "07"]
[TimeControl "180+2"]
[Date "2023.04.25"]
[WhiteClock "0:00:28"]
[BlackClock "0:00:18"]

1. e4 e5 2. Nf3 d6 3. d4 Bg4 4. dxe5 Nd7 5. h3 Bxf3 6. Qxf3 dxe5 7. Bc4 Qf6 8. Qe2 Bc5 9. Nd2 Ne7 10. Nf3 h6 11. c3 a5 12. Bd2 O-O 13. g4 Ng6 14. g5 hxg5 15. Bxg5 Qb6 16. O-O Nf6 17. Kh1 Nh5 18. Nh4 Nhf4 19. Qg4 Qxb2 20. Bxf4 Nxf4 21. Rg1 Nh5 22. Qxh5 Qxc3 23. Rxg7+ Kxg7 24. Rg1+ Kf6 25. Qg5# 1-0


[Site "https://www.chess.com"]

[Event "Titled Tuesday Blitz April 25 Early 2023"]
[White "djokovic74"]
[Black "Timofeev, Artyom"]
[BlackFideId "4140419"]
[WhiteElo "2617"]
[BlackElo "2586"]
[Result "1-0"]
[Round "07"]
[TimeControl "180+2"]
[Date "2023.04.25"]
[WhiteClock "0:00:03"]
[BlackClock "0:00:04"]

1. e4 d6 2. d4 Nf6 3. Nc3 g6 4. Nf3 Bg7 5. Be2 O-O 6. O-O c6 7. a4 a5 8. Re1 Qc7 9. h3 e5 10. Bc4 Nbd7 11. dxe5 dxe5 12. Be3 h6 13. Qe2 Re8 14. Red1 Nf8 15. Bc5 N6d7 16. Bd6 Qb6 17. Ra3 Ne6 18. Rb3 Qa7 19. Bxe6 Rxe6 20. Qc4 Bf8 21. Bxf8 Kxf8 22. Ne2 Kg7 23. Rbd3 Re7 24. Rd6 Qc5 25. Qb3 Qb4 26. Qe3 Qxa4 27. Ng3 Qxc2 28. Nf5+ gxf5 29. Qxh6+ Kg8 30. Ng5 f6 31. Qg6+ Rg7 32. Qe8+ Nf8 33. Rd8 Qxd1+ 34. Rxd1 fxg5 35. Rd8 Rf7 36. Rxc8 Rxc8 37. Qxc8 fxe4 38. Qd8 Rg7 39. Kh2 a4 40. Qe8 Rf7 41. Qxe5 Ng6 42. Qxg5 Kg7 43. h4 Kh7 44. h5 Nf8 45. Qe5 Rxf2 46. Qxe4+ Kg8 47. Qg4+ Kh7 48. Qe4+ Kg8 49. Qxa4 Rf7 50. Qg4+ Rg7 51. Qe4 Rf7 52. g4 Nh7 53. Qe5 Rg7 54. Qe8+ Nf8 55. Kh3 b5 56. Kh4 b4 57. g5 c5 58. h6 Rg6 59. Kh5 Re6 60. Qc8 Re5 61. h7+ Kxh7 62. Qxf8 Re1 63. Qf7+ Kh8 64. Kg6 Re6+ 65. Qxe6 1-0


[Site "https://www.chess.com"]

[Event "Titled Tuesday Blitz April 25 Early 2023"]
[White "Movahed, Sina"]
[Black "Kim, Sergey"]
[WhiteFideId "42520835"]
[BlackFideId "13700570"]
[WhiteElo "2225"]
[BlackElo "2654"]
[Result "1-0"]
[Round "07"]
[TimeControl "180+2"]
[Date "2023.04.25"]
[WhiteClock "0:00:52"]
[BlackClock "0:00:01"]

1. e4 e5 2. Nf3 Nc6 3. Bb5 a6 4. Ba4 Nf6 5. O-O b5 6. Bb3 Bc5 7. c3 d6 8. a4 Rb8 9. d4 Bb6 10. a5 Ba7 11. h3 h6 12. Be3 Ra8 13. Re1 O-O 14. Nbd2 Re8 15. g4 exd4 16. cxd4 Nb4 17. g5 Nxe4 18. g6 d5 19. gxf7+ Kxf7 20. Ne5+ Rxe5 21. dxe5 Ng5 22. Qh5+ Kg8 23. h4 Nh3+ 24. Kg2 Qf8 25. Qf3 Be6 26. Qxf8+ Kxf8 27. Rec1 c5 28. Bxc5+ Bxc5 29. Rxc5 Nf4+ 30. Kg3 Nfd3 31. Rc7 Re8 32. f4 Nxb2 33. Nf3 N2d3 34. Nd4 h5 35. Rd1 Bg4 36. Rd2 1-0


[Site "https://www.chess.com"]

[Event "Titled Tuesday Blitz April 25 Early 2023"]
[White "Dixit, Nikhil"]
[Black "Henriquez Villagra, Cristobal"]
[WhiteFideId "5059534"]
[BlackFideId "3409350"]
[WhiteElo "2207"]
[BlackElo "2542"]
[Result "0-1"]
[Round "07"]
[TimeControl "180+2"]
[Date "2023.04.25"]
[WhiteClock "0:00:37"]
[BlackClock "0:01:54"]

1. e4 Nc6 2. d4 d6 3. d5 Nb8 4. Nf3 Nf6 5. Bd3 g6 6. O-O Bg7 7. c4 O-O 8. Nc3 c6 9. Bg5 a6 10. a4 a5 11. Re1 Na6 12. Qe2 Nc5 13. Bc2 Bg4 14. h3 Bxf3 15. Qxf3 Qb6 16. Rab1 Rae8 17. Be3 Nfd7 18. Qg3 Qb4 19. Bd2 Qxc4 20. b3 Qa6 21. h4 Nf6 22. b4 axb4 23. Rxb4 Rc8 24. Reb1 Rc7 25. Rb6 Qa8 26. Be3 cxd5 27. Nxd5 Nxd5 28. exd5 Nd7 29. R6b2 Bxb2 30. Rxb2 Rfc8 31. Bd3 Qxa4 32. Kh2 Ne5 33. Be2 Rc2 34. Rxc2 Qxc2 35. Bg4 Nxg4+ 36. Qxg4 Qf5 37. Qd4 Qe5+ 38. Qxe5 dxe5 39. d6 exd6 40. f4 f6 41. fxe5 fxe5 42. g4 Kf7 43. Bg5 Rc4 44. Kg3 Ke6 45. Kf3 b5 46. Ke3 d5 47. Kd3 Rxg4 48. Bd2 h5 49. Kc3 Rc4+ 50. Kb3 Kf5 51. Bc3 Ke4 52. Bb4 Kd3 53. Bd6 e4 54. Be5 e3 55. Bc3 e2 56. Be1 Rc1 57. Bd2 Kxd2 58. Kb4 Rc4+ 59. Ka5 b4 60. Kb5 b3 61. Kb6 b2 62. Kb5 b1=Q+ 63. Ka5 Rc2 64. Ka6 Ra2# 0-1


[Site "https://www.chess.com"]

[Event "Titled Tuesday Blitz April 25 Early 2023"]
[White "Tari, Aryan"]
[Black "MaryanKyrychenko"]
[WhiteFideId "1510045"]
[WhiteElo "2561"]
[BlackElo "2559"]
[Result "0-1"]
[Round "07"]
[TimeControl "180+2"]
[Date "2023.04.25"]
[WhiteClock "0:00:02"]
[BlackClock "0:00:16"]

1. e4 c5 2. Nf3 d6 3. Nc3 Nf6 4. e5 dxe5 5. Nxe5 Qc7 6. d4 a6 7. Bf4 Nc6 8. Ng6 Qa5 9. Nxh8 cxd4 10. Bc4 e6 11. O-O dxc3 12. bxc3 Qa4 13. Bg5 Qxc4 14. Bxf6 gxf6 15. Qh5 e5 16. f4 Be6 17. fxe5 O-O-O 18. Qxh7 Nxe5 19. Kh1 Be7 20. Rad1 Bd5 21. Qh3+ Kb8 22. Rfe1 Ng4 23. Rf1 Bc5 24. Qg3+ Ka7 25. Rf4 Bxg2+ 26. Kxg2 Qe2+ 27. Kh3 Rxh8+ 0-1


[Site "https://www.chess.com"]

[Event "Titled Tuesday Blitz April 25 Early 2023"]
[White "Kleiman, Jake"]
[Black "Fressinet, Laurent"]
[WhiteFideId "2020041"]
[BlackFideId "608742"]
[WhiteElo "2545"]
[BlackElo "2633"]
[Result "1-0"]
[Round "07"]
[TimeControl "180+2"]
[Date "2023.04.25"]
[WhiteClock "0:01:16"]
[BlackClock "0:01:54"]

1. e4 e5 2. Nf3 Nc6 3. Bc4 Bc5 4. d3 d6 5. c3 Nf6 6. Bb3 a6 7. O-O Ba7 8. Nbd2 Ne7 9. Re1 Ng6 10. Nf1 O-O 11. Ng3 c6 12. h3 d5 13. exd5 Nxd5 14. d4 exd4 15. Nxd4 Be6 16. Nxe6 fxe6 17. Ne4 Qh4 18. Bg5 Bxf2+ 19. Kh1 Bxe1 20. Bxh4 Rf1+ 21. Kh2 Bxh4 22. Qxf1 1-0


[Site "https://www.chess.com"]

[Event "Titled Tuesday Blitz April 25 Early 2023"]
[White "WindWhistler11"]
[Black "Quesada Perez, Yuniesky"]
[BlackFideId "3504409"]
[WhiteElo "2509"]
[BlackElo "2585"]
[Result "1-0"]
[Round "07"]
[TimeControl "180+2"]
[Date "2023.04.25"]
[WhiteClock "0:00:05"]
[BlackClock "0:00:09"]

1. Nf3 d5 2. g3 Bg4 3. Bg2 Nd7 4. c4 dxc4 5. Na3 Nb6 6. Ne5 Bc8 7. Naxc4 Nf6 8. Qb3 e6 9. d3 Be7 10. O-O O-O 11. Bd2 Nbd5 12. Na5 c6 13. Rfc1 Qb6 14. Qa4 Qa6 15. e4 Nb6 16. Qb3 Nfd7 17. d4 Nxe5 18. Bf1 Nec4 19. Nxc4 Nxc4 20. Rxc4 Qb6 21. Qc2 Bd7 22. Be3 Qd8 23. a4 a5 24. Qb3 Bb4 25. Rd1 Qe7 26. Bd3 e5 27. Bb1 exd4 28. Rcxd4 Be6 29. Qc2 Rfd8 30. e5 g6 31. Qc1 Rxd4 32. Rxd4 Qc7 33. Bf4 Rd8 34. Qd1 Rxd4 35. Qxd4 Qe7 36. h4 h5 37. Be4 Qd7 38. Qa7 Qd1+ 39. Kg2 Bd5 40. Qe3 Bd2 41. Qf3 Bxe4 42. Qxe4 Bxf4 43. Qxf4 Qd5+ 44. Kh2 Qb3 45. Qf6 Qxb2 46. Qd8+ Kh7 47. Qe7 Qa2 48. Kg2 Qd5+ 49. Kg1 b5 50. axb5 cxb5 51. Qa7 b4 52. e6 Qxe6 53. Qxa5 b3 54. Qb5 Qd5 55. Qxd5 1-0


[Site "https://www.chess.com"]

[Event "Titled Tuesday Blitz April 25 Early 2023"]
[White "Bagrationi, Alexander"]
[Black "Sarana, Alexey"]
[WhiteFideId "14104954"]
[BlackFideId "24133795"]
[WhiteElo "2398"]
[BlackElo "2714"]
[Result "0-1"]
[Round "07"]
[TimeControl "180+2"]
[Date "2023.04.25"]
[WhiteClock "0:00:42"]
[BlackClock "0:02:06"]

1. e4 c5 2. Be2 d6 3. f4 Nf6 4. d3 Nc6 5. Nf3 g6 6. c3 Bg7 7. O-O O-O 8. Kh1 c4 9. Be3 cxd3 10. Bxd3 e5 11. fxe5 Ng4 12. Bg1 Ngxe5 13. Nxe5 Nxe5 14. Be2 Be6 15. Nd2 d5 16. exd5 Bxd5 17. Nf3 Ng4 18. c4 Bc6 19. Qxd8 Raxd8 20. Rad1 Bxb2 21. h3 Ne5 22. Nxe5 Bxe5 23. Bxa7 Rxd1 24. Rxd1 Ra8 25. Be3 Rxa2 26. Rd2 Ra1+ 27. Rd1 Ra8 28. Bg5 f6 29. Be3 Kf7 30. Kg1 h5 31. Kf2 h4 32. Bf3 Ke6 33. Bxc6 bxc6 34. Kf3 g5 35. Rd2 Ra3 36. Re2 Bf4 0-1


[Site "https://www.chess.com"]

[Event "Titled Tuesday Blitz April 25 Early 2023"]
[White "Kollars, Dmitrij"]
[Black "Lewicki, Miroslaw"]
[WhiteFideId "12909572"]
[BlackFideId "1113380"]
[WhiteElo "2584"]
[BlackElo "2212"]
[Result "0-1"]
[Round "07"]
[TimeControl "180+2"]
[Date "2023.04.25"]
[WhiteClock "0:00:04"]
[BlackClock "0:00:19"]

1. d4 Nf6 2. c4 e6 3. Nf3 d5 4. g3 Nbd7 5. Bg2 Be7 6. O-O O-O 7. Nc3 dxc4 8. Qc2 Nd5 9. e4 Nxc3 10. bxc3 c5 11. Be3 cxd4 12. cxd4 Nb6 13. a4 a5 14. Ne5 Bb4 15. Rfc1 c3 16. Bf1 Qe7 17. Nd3 Nc4 18. Bf4 e5 19. dxe5 Be6 20. h4 h6 21. Rcb1 Na3 22. Rxa3 Bxa3 23. Qxc3 Rfc8 24. Qe1 Rc2 25. Be3 Qd7 26. Nf4 Bc4 27. Bxc4 Rxc4 28. Bb6 Qxa4 29. e6 fxe6 30. Qd2 Rxe4 31. Nh5 Qc6 32. Be3 Bb4 33. Qd3 Qd5 34. Qe2 Rf8 35. Rd1 Qf5 36. Kh2 Bc5 37. Rd3 Bxe3 38. Rxe3 Qxf2+ 39. Qxf2 Rxf2+ 0-1


[Site "https://www.chess.com"]

[Event "Titled Tuesday Blitz April 25 Early 2023"]
[White "Bortnyk, Olexandr"]
[Black "Skvortsov, Andrei"]
[WhiteFideId "14120828"]
[BlackFideId "24108600"]
[WhiteElo "2734"]
[BlackElo "2259"]
[Result "1-0"]
[Round "07"]
[TimeControl "180+2"]
[Date "2023.04.25"]
[WhiteClock "0:00:03"]
[BlackClock "0:00:08"]

1. d4 e6 2. Nc3 c5 3. d5 Nf6 4. e4 d6 5. Bg5 Be7 6. Bb5+ Bd7 7. dxe6 fxe6 8. Bxf6 gxf6 9. Qh5+ Kf8 10. O-O-O Nc6 11. Qh6+ Ke8 12. Be2 Qa5 13. Qg7 Rf8 14. Nf3 Kd8 15. Kb1 a6 16. Bc4 b5 17. Bd5 b4 18. Bxc6 Bxc6 19. Ne2 Bxe4 20. Nf4 Kd7 21. Rhe1 Bf5 22. Nxe6 Bxe6 23. Rxe6 Kxe6 24. Re1+ Kd5 25. Qxe7 Kc6 26. Qe4+ Kb6 27. Nd2 Qb5 28. Nc4+ Ka7 29. Qxh7+ Kb8 30. Nxd6 Qc6 31. Qe7 Rh8 32. Qxf6 Rd8 33. Qxd8+ Ka7 34. Re7+ 1-0


[Site "https://www.chess.com"]

[Event "Titled Tuesday Blitz April 25 Early 2023"]
[White "Eljanov, Pavel"]
[Black "Goldin, Alexander"]
[WhiteFideId "14102951"]
[BlackFideId "2019540"]
[WhiteElo "2598"]
[BlackElo "2667"]
[Result "1-0"]
[Round "07"]
[TimeControl "180+2"]
[Date "2023.04.25"]
[WhiteClock "0:00:23"]
[BlackClock "0:00:03"]

1. d4 d5 2. Bf4 c5 3. e3 Nc6 4. Nf3 cxd4 5. exd4 Bg4 6. Nbd2 e6 7. c3 Bd6 8. Bxd6 Qxd6 9. h3 Bh5 10. Bd3 Nge7 11. O-O Bg6 12. Bxg6 Nxg6 13. h4 h6 14. g3 O-O 15. h5 Nge7 16. Re1 Rae8 17. Qb3 b6 18. Re2 Kh8 19. Rae1 Ng8 20. Ne5 Nxe5 21. dxe5 Qc5 22. Qa4 Qc7 23. c4 Ne7 24. cxd5 Nxd5 25. Nc4 b5 26. Qxb5 Rb8 27. Qa6 Nb4 28. Qa4 Qxc4 29. a3 Qc6 30. Qxa7 Nd3 31. Rd1 Qf3 32. Red2 Nxb2 33. Rb1 Qc3 34. Rd7 Qc2 35. Rf1 Nd3 36. Rxf7 Nxe5 37. Rxf8+ Rxf8 38. Qe3 Nf3+ 39. Kh1 Qc6 40. Rc1 Qd5 41. Qc5 Qe4 42. Qxf8+ Kh7 43. Qf4 Qd5 44. Qc4 Qxh5+ 45. Kg2 Ng5 46. Qc2+ Kh8 47. Qd1 Qh3+ 48. Kg1 Qf5 49. Rc8+ Kh7 50. Qc2 Nf3+ 51. Kf1 1-0


[Site "https://www.chess.com"]

[Event "Titled Tuesday Blitz April 25 Early 2023"]
[White "Durarbayli, Vasif"]
[Black "Seo, Jung Min"]
[WhiteFideId "13402935"]
[BlackFideId "1734687"]
[WhiteElo "2551"]
[BlackElo "2468"]
[Result "1-0"]
[Round "07"]
[TimeControl "180+2"]
[Date "2023.04.25"]
[WhiteClock "0:00:04"]
[BlackClock "0:00:41"]

1. e4 e5 2. Nc3 Nc6 3. f4 exf4 4. d4 Qh4+ 5. Ke2 d6 6. Nf3 Bg4 7. Bxf4 O-O-O 8. Ke3 Qh5 9. Bb5 Nge7 10. h3 Bxf3 11. Qxf3 Qg6 12. g4 a6 13. Bd3 Nb4 14. Kd2 Nxd3 15. cxd3 Nc6 16. Be3 h5 17. Qf5+ Qe6 18. Nd5 hxg4 19. hxg4 Rxh1 20. Rxh1 Ne7 21. Qxe6+ fxe6 22. Nf4 Kd7 23. Rh8 e5 24. dxe5 dxe5 25. Nh5 Ng6 26. Rh7 Kc6 27. Ng3 Bc5 28. Bxc5 Kxc5 29. Rxg7 Nf4 30. Rxc7+ Kb6 31. Rc3 Rg8 32. Rb3+ Kc6 33. Rc3+ Kb6 34. Ne2 Ne6 35. Rb3+ Kc6 36. Rc3+ Kb6 37. Rc1 Rxg4 38. Rg1 Rxg1 39. Nxg1 Kc5 40. Nf3 Kd6 41. Ke3 b5 42. b4 Nd8 43. a3 Nc6 44. Kd2 Ke6 45. Kc3 Kd6 46. Nh4 Nd8 47. Nf5+ Kd7 48. d4 exd4+ 49. Kxd4 Kc6 50. Ke5 Kd7 51. Nd4 Nb7 52. Kd5 Nd6 53. e5 Nc4 54. e6+ Ke8 55. a4 Nb6+ 56. Kc6 Nxa4 57. Nf5 Nb2 58. Kd6 Nc4+ 59. Kd5 a5 60. bxa5 Nxa5 61. Ke5 Nc6+ 62. Kd6 1-0


[Site "https://www.chess.com"]

[Event "Titled Tuesday Blitz April 25 Early 2023"]
[White "Grigorov, Grigor"]
[Black "Wieczorek, Oskar"]
[WhiteFideId "2907313"]
[BlackFideId "1133950"]
[WhiteElo "2510"]
[BlackElo "2418"]
[Result "0-1"]
[Round "07"]
[TimeControl "180+2"]
[Date "2023.04.25"]
[WhiteClock "0:00:03"]
[BlackClock "0:00:12"]

1. d4 Nf6 2. Nf3 e6 3. Bg5 h6 4. Bh4 c5 5. e3 cxd4 6. exd4 b6 7. Nbd2 Bb7 8. c3 Be7 9. Bxf6 Bxf6 10. Bd3 O-O 11. Qe2 d6 12. O-O-O b5 13. Bxb5 a6 14. Bd3 Nd7 15. h4 Rb8 16. Ne4 Bxe4 17. Qxe4 g6 18. h5 d5 19. Qe2 g5 20. Bb1 Kg7 21. Nh2 Nb6 22. Qd3 Rh8 23. Rhe1 Na4 24. Re2 Nxb2 25. Rxb2 Rxb2 26. Kxb2 Qb8+ 27. Ka1 Qxh2 28. Qf3 Qc7 29. Qd3 Rc8 30. Rc1 Kf8 31. Kb2 Qb6+ 32. Ka1 Bxd4 33. cxd4 Rxc1 34. Qa3+ Kg8 35. Qxc1 Qxd4+ 36. Qb2 Qg4 37. Qb8+ Kg7 38. Qe5+ Kg8 39. g3 Qxh5 40. Qb8+ Kg7 41. Qb6 Qg4 42. a3 Qf3 43. Qe3 Qxe3 44. fxe3 h5 45. Bd3 a5 46. Kb2 h4 47. gxh4 gxh4 48. Bf1 f5 49. Kc3 Kf6 50. Kd4 Kg5 51. Bh3 Kf6 52. a4 Ke7 53. Ke5 Kd7 54. Kf4 Kd6 55. Kg5 Ke5 56. Bg2 h3 0-1


[Site "https://www.chess.com"]

[Event "Titled Tuesday Blitz April 25 Early 2023"]
[White "Manukyan, Sargis A."]
[Black "Bacrot, Etienne"]
[WhiteFideId "13303970"]
[BlackFideId "605506"]
[WhiteElo "2187"]
[BlackElo "2663"]
[Result "0-1"]
[Round "07"]
[TimeControl "180+2"]
[Date "2023.04.25"]
[WhiteClock "0:00:04"]
[BlackClock "0:00:07"]

1. d4 d5 2. c4 c6 3. Nc3 Nf6 4. e3 a6 5. Nf3 Bf5 6. Bd3 Bxd3 7. Qxd3 e6 8. O-O Nbd7 9. e4 dxe4 10. Nxe4 Be7 11. b3 O-O 12. Nxf6+ Bxf6 13. Rd1 Qc7 14. Bb2 Rad8 15. Qe2 Rfe8 16. g3 b5 17. Kg2 Nb6 18. a4 bxa4 19. bxa4 c5 20. a5 Nc8 21. dxc5 Bxb2 22. Qxb2 Qxc5 23. Qb7 Rxd1 24. Rxd1 Qxa5 25. Rd7 Rf8 26. c5 Qxc5 27. Rc7 Nd6 28. Qc6 Qa3 29. Ra7 a5 30. Ne5 Qb4 31. Nd7 Re8 32. Ra8 h6 33. Rxe8+ Nxe8 34. Qc8 Qe7 35. Ne5 a4 36. Qa8 a3 37. Nc6 Qf8 38. Nd4 g6 39. Nb5 Kg7 40. Nxa3 Nc7 41. Qf3 Nd5 42. Nc4 Qd8 43. Ne5 Qf6 44. Qe2 h5 45. h4 Qf5 46. Qe1 Nf6 47. Nf3 Qd5 48. Qa1 Qe4 49. Qc3 Qd5 50. Qb2 Qc6 51. Qd4 Qe4 52. Qc3 Qf5 53. Ng5 Kf8 54. Qc8+ Ne8 55. Qc3 Qd5+ 56. f3 e5 57. Qa3+ Qd6 58. Qc3 Qe7 59. Qb3 Kg7 60. Qc3 Nd6 61. f4 f6 62. fxe5 fxe5 63. Nf3 Nf7 64. Qb2 Qf6 65. Ng5 Qc6+ 66. Nf3 Qd5 67. Kf2 Kf6 68. Qb6+ Qe6 69. Qb2 Qf5 70. Qc3 Kg7 71. Kg2 Kh6 72. Qe3+ Kh7 73. Qa7 Kg7 74. Ng5 Qf6 75. Qc7 e4 76. Nxe4 Qb2+ 77. Kf3 Qb3+ 78. Kg2 Qa2+ 79. Kh3 Qe6+ 80. Kh2 Qxe4 81. Qc3+ Qe5 82. Qf3 Qf6 83. Qb7 Qf5 84. Qb2+ Qe5 85. Qb7 Qe6 86. Qb2+ Kh7 87. Qb7 Qf6 88. Qg2 Nh6 89. Qb7+ Qg7 90. Qe4 Ng4+ 91. Kg1 Qa7+ 92. Kf1 Qf2# 0-1


[Site "https://www.chess.com"]

[Event "Titled Tuesday Blitz April 25 Early 2023"]
[White "Kravtsiv, Martyn"]
[Black "Hua, Lefong"]
[WhiteFideId "14113147"]
[BlackFideId "2602253"]
[WhiteElo "2695"]
[BlackElo "2651"]
[Result "0-1"]
[Round "07"]
[TimeControl "180+2"]
[Date "2023.04.25"]
[WhiteClock "0:01:32"]
[BlackClock "0:00:59"]

1. e4 c5 2. Nf3 g6 3. h4 Nf6 4. e5 Ng4 5. Bc4 d5 6. exd6 Qxd6 7. Nc3 Bg7 8. d3 O-O 9. Ne4 Qc7 10. h5 Nc6 11. hxg6 hxg6 12. Qe2 Nge5 13. Nxe5 Nxe5 14. Bf4 Qa5+ 15. Bd2 Qc7 16. Bb3 b5 17. O-O-O c4 18. dxc4 bxc4 19. Ba4 Nd3+ 20. Kb1 Nxb2 21. Bb5 Rb8 22. a4 Nxa4 0-1


[Site "https://www.chess.com"]

[Event "Titled Tuesday Blitz April 25 Early 2023"]
[White "Janik, Igor"]
[Black "Kucuksari, Kaan"]
[WhiteFideId "1159259"]
[BlackFideId "6380166"]
[WhiteElo "2484"]
[BlackElo "2364"]
[Result "1-0"]
[Round "07"]
[TimeControl "180+2"]
[Date "2023.04.25"]
[WhiteClock "0:01:41"]
[BlackClock "0:00:05"]

1. Nf3 Nf6 2. b3 g6 3. Bb2 Bg7 4. c4 O-O 5. g3 d6 6. Bg2 e5 7. O-O Nbd7 8. d4 e4 9. Ne1 c6 10. Ba3 Qc7 11. Nc3 Re8 12. Nc2 d5 13. Ne3 Nb6 14. Rc1 Qd8 15. cxd5 Nfxd5 16. Nexd5 Nxd5 17. Nxe4 Qa5 18. Nd6 Qxa3 19. Nxe8 Nb6 20. Nxg7 Kxg7 21. Qd2 Be6 22. e4 Rd8 23. Rfd1 Bg4 24. f3 Be6 25. Rc2 Qe7 26. Qc3 Kg8 27. Rcd2 h5 28. Qc5 Qf6 29. h4 Nd7 30. Qg5 Kg7 31. Qxf6+ Nxf6 32. Kf2 a5 33. Ke3 a4 34. bxa4 Ra8 35. Rb1 Rxa4 36. Rxb7 Bxa2 37. Bf1 Ra3+ 38. Rd3 Ra5 39. Rc3 Be6 40. Rxc6 Ra3+ 41. Kf2 Bd7 42. Rxf6 Ra2+ 43. Ke3 Ra3+ 44. Kf4 1-0


[Site "https://www.chess.com"]

[Event "Titled Tuesday Blitz April 25 Early 2023"]
[White "Narayanan, Srinath"]
[Black "Bruedigam, Martin"]
[WhiteFideId "5018420"]
[BlackFideId "24608033"]
[WhiteElo "2438"]
[BlackElo "2331"]
[Result "1-0"]
[Round "07"]
[TimeControl "180+2"]
[Date "2023.04.25"]
[WhiteClock "0:01:44"]
[BlackClock "0:00:07"]

1. Nf3 d5 2. e3 Nf6 3. c4 e6 4. Nc3 c5 5. cxd5 exd5 6. d4 a6 7. Be2 Nc6 8. O-O Bd6 9. dxc5 Bxc5 10. b3 O-O 11. Bb2 Ba7 12. Rc1 Bg4 13. Na4 Ne4 14. Bxa6 Nxf2 15. Rxf2 Bxe3 16. Bxb7 Rxa4 17. Bxc6 Rxa2 18. Rc2 Qb6 19. Bd4 Bxd4 20. Qxd4 Qxd4 21. Nxd4 1-0


[Site "https://www.chess.com"]

[Event "Titled Tuesday Blitz April 25 Early 2023"]
[White "KRUMMEL2008"]
[Black "Pultinevicius, Paulius"]
[BlackFideId "12809390"]
[WhiteElo "2639"]
[BlackElo "2529"]
[Result "1-0"]
[Round "07"]
[TimeControl "180+2"]
[Date "2023.04.25"]
[WhiteClock "0:00:06"]
[BlackClock "0:00:07"]

1. e4 c6 2. d4 d5 3. e5 Bf5 4. Nf3 e6 5. Be2 Ne7 6. c3 Nd7 7. O-O a5 8. Na3 h6 9. Nc2 Bh7 10. a4 Nf5 11. Bd3 Bg6 12. Nfe1 Be7 13. f4 O-O 14. g4 Nh4 15. f5 Bh7 16. Ng2 Nxg2 17. Kxg2 Bg5 18. Qe1 Re8 19. Qg3 Bxc1 20. Raxc1 f6 21. Rce1 fxe5 22. dxe5 Nc5 23. Nd4 Qb6 24. Rf2 Rf8 25. Ref1 Rae8 26. Bc2 Kh8 27. f6 Bxc2 28. fxg7+ Kxg7 29. Rxf8 Rxf8 30. Rxf8 Be4+ 31. Rf3 Qxb2+ 32. Kh3 Kg8 33. Qf2 Qxf2 34. Rxf2 Nxa4 35. Nxe6 Nxc3 36. Rf8+ Kh7 37. Rf7+ Kg8 38. Rg7+ Kh8 39. Rxb7 a4 40. Kh4 Bg6 41. Rb8+ Kh7 42. Rb7+ Kh8 43. g5 a3 44. gxh6 a2 45. Ra7 Bf5 46. Ng5 Be6 47. Ra8+ Bg8 48. h7 1-0


[Site "https://www.chess.com"]

[Event "Titled Tuesday Blitz April 25 Early 2023"]
[White "Kukhmazov, Arsen"]
[Black "Koellner, Ruben Gideon"]
[WhiteFideId "24108260"]
[BlackFideId "12993093"]
[WhiteElo "2396"]
[BlackElo "2314"]
[Result "1/2-1/2"]
[Round "07"]
[TimeControl "180+2"]
[Date "2023.04.25"]
[WhiteClock "0:00:12"]
[BlackClock "0:00:04"]

1. d4 d6 2. Nf3 Nf6 3. g3 g6 4. Bg2 Bg7 5. c4 O-O 6. Nc3 Nbd7 7. O-O e5 8. h3 Re8 9. e4 c6 10. Be3 a6 11. Qc2 b5 12. c5 dxc5 13. dxe5 Nxe5 14. Nxe5 Rxe5 15. f4 Re8 16. Bxc5 Be6 17. Rad1 Qa5 18. b4 Qa3 19. e5 Nd5 20. Nxd5 cxd5 21. Rd3 Qa4 22. Qxa4 bxa4 23. Bxd5 Bxh3 24. Rfd1 Rab8 25. Bc6 Rec8 26. Bxa4 Bf8 27. Bxf8 Kxf8 28. a3 Bf5 29. Re3 a5 30. Rd4 axb4 31. axb4 Rc1+ 32. Kf2 Rb1 33. Rb3 Rc1 34. Bd7 Rd8 35. Bxf5 Rxd4 36. Bd3 Ra1 37. Ke3 Rd8 38. b5 Rb8 39. Be4 Rb6 40. Bc6 Rc1 41. Rd3 Rcxc6 42. bxc6 Rxc6 43. g4 h6 44. Ra3 Kg7 45. Ra7 Kf8 46. f5 Rc3+ 47. Kd4 Rg3 48. e6 fxe6 49. fxe6 Rxg4+ 50. Ke5 Rg1 51. Kf6 Rf1+ 52. Kxg6 Re1 53. e7+ Rxe7 54. Ra8+ Re8 55. Rxe8+ Kxe8 56. Kxh6 1/2-1/2


[Site "https://www.chess.com"]